 Dungeon Crawl Stone Soup version 0.30.1 (webtiles) character file.

Game seed: 8117254313368509330

109 Cheops the Cudgeller (level 4, -3/39 HPs)
             Began as a Minotaur Fighter on July 10, 2023.
             Was an Initiate of Qazlal.
             Splashed by a jelly's acid (8 damage)
             ... on level 3 of the Dungeon.
             The game lasted 00:02:36 (2187 turns).

Cheops the Cudgeller (Minotaur Fighter)             Turns: 2187, Time: 00:02:37

Health: -3/39      AC:  0    Str: 22    XL:     4   Next: 59%
Magic:  3/3        EV:  9    Int:  5    God:    Qazlal [......]
Gold:   89         SH:  9    Dex: 10    Spells: 3/3 levels left

rFire   . . .        a - +0 flail
rCold   . . .        c - +0 buckler
rNeg    . . .        b - +0 scale mail
rPois   .            (helmet restricted)
rElec   .            (no cloak)
rCorr   .            j - +0 pair of gloves
SInv    .            (no boots)
Will    .....        q - amulet of reflection Stlth
                     (no ring)
HPRegen 0.26/turn    (no ring)
MPRegen 0.08/turn

%: reflection
@: corroded
A: horns 2, retaliatory headbutt
a: Renounce Religion


You were on level 3 of the Dungeon.
You worshipped Qazlal.
Qazlal was noncommittal.
You visited 1 branch of the dungeon, and saw 3 of its levels.

You collected 89 gold pieces.

Inventory:

Hand Weapons
 a - a +0 flail (weapon)
Missiles
 k - 6 silver javelins
 l - 11 stones (quivered)
 m - 3 datura-tipped darts
Armour
 b - a +0 scale mail (worn)
 c - a +0 buckler (worn)
 j - a +0 pair of gloves (worn)
Jewellery
 q - an amulet of reflection (around neck)
Scrolls
 e - a scroll of noise {unknown}
 g - 2 scrolls of fog {unknown}
 n - a scroll of enchant weapon {unknown}
 o - a scroll of identify {unknown}
 p - a scroll of immolation {unknown}
 r - a scroll of vulnerability {unknown}
Potions
 d - 2 potions of might
 f - 2 potions of flight {unknown}
 h - 2 potions of curing {unknown}
 i - a potion of lignification {unknown}


   Skills:
 - Level 3.6 Fighting
 * Level 5.9 Maces & Flails
 - Level 3.6 Armour
 - Level 3.6 Shields
 + Level 0.1 Invocations


You had 3 spell levels left.
You didn't know any spells.
Your spell library contained the following spells:

 Spells                   Type           Power      Damage    Failure   Level
 Scorch                   Fire           0%         2d5       95%         2
 Flame Wave               Conj/Fire      0%         2d4       100%        4
 Summon Cactus Giant      Summ           0%         N/A       100%        6


Dungeon Overview and Level Annotations

Branches:
Dungeon (3/15)

Altars:
Qazlal


Innate Abilities, Weirdness & Mutations

You have a pair of horns on your head.
You reflexively headbutt those who attack you in melee.


Message History

The jelly hits you. The acid corrodes you!
You are splashed with acid!
You are too injured to fight recklessly!
You are too injured to fight recklessly!
You are too injured to fight recklessly!
You are too injured to fight recklessly!
You are too injured to fight recklessly!
You are too injured to fight recklessly!
You are too injured to fight recklessly!
You are too injured to fight recklessly!
You are too injured to fight recklessly!
You are too injured to fight recklessly!
You are too injured to fight recklessly!
You are too injured to fight recklessly!
You are too injured to fight recklessly!
You are too injured to fight recklessly!
You are too injured to fight recklessly!
You are too injured to fight recklessly!
A jelly is nearby!
A jelly is nearby!
A jelly is nearby!
You barely miss the jelly. The jelly hits you but does no damage.
You hit the jelly but do no damage.
Your hands burn!
* * * LOW HITPOINT WARNING * * *
You block the jelly's attack.
You sock the jelly!
Your hands burn!
* * * LOW HITPOINT WARNING * * *
You headbutt the jelly, but do no damage.
The jelly is severely wounded.
The jelly hits you.
* * * LOW HITPOINT WARNING * * *
You are splashed with acid!
* * * LOW HITPOINT WARNING * * *
You hit the jelly. The acid corrodes you!
Your hands burn!
* * * LOW HITPOINT WARNING * * *
You headbutt the jelly, but do no damage.
The jelly is almost dead.
The jelly hits you.
* * * LOW HITPOINT WARNING * * *
You are splashed with acid!
You die...

########
#......#
#@####.#####
#..J>...#.....#
#....##.#####.#
###... # #.####
..#. #....#+##
### .#
###...... .#
##.#...... ##
...........
#####......


You could see a jelly.

Vanquished Creatures
  Jessica (D:2)
  3 adders
  2 worms
  2 dart slugs
  3 endoplasms
  A giant cockroach (D:1)
  4 goblins
  4 hobgoblins
  2 jackals (D:1)
  3 kobolds
  4 quokkas
  3 ball pythons
  6 bats
  3 frilled lizards
  5 rats
46 creatures vanquished.

Notes
Turn   | Place    | Note
-------+----------+-------------------------------------------
     0 | D:1      | Cheops the Minotaur Fighter began the quest for the Orb.
     0 | D:1      | Reached XP level 1. HP: 19/19 MP: 0/0
    49 | D:1      | Reached skill level 3 in Maces & Flails
    91 | D:1      | Reached XP level 2. HP: 26/26 MP: 1/1
  1014 | D:1      | Reached skill level 4 in Maces & Flails
  1049 | D:2      | Noticed Jessica
  1051 | D:2      | Killed Jessica
  1052 | D:2      | Reached XP level 3. HP: 31/31 MP: 2/2
  1071 | D:2      | Reached skill level 5 in Maces & Flails
  1383 | D:2      | Reached XP level 4. HP: 39/39 MP: 3/3
  1967 | D:3      | Found a stormy altar of Qazlal.
  2001 | D:3      | Became a worshipper of Qazlal Stormbringer
  2187 | D:3      | Splashed by a jelly's acid

Illustrated notes

Levels and vault maps discovered:
D:1:      dpeg_arrival_arbitrary_c, layout_basic, serial_park_tiny_1
D:2:      layout_basic, minivault_25, uniq_jessica
D:3:      layout_basic, mainiacjoe_overflow_24_doors, serial_shops,
          nicolae_shop_behind_doors

Skill      XL: |  1  2  3 |
---------------+----------+-----
Maces & Flails | 3 4 5 |  5.9
Fighting       | |  3.6
Armour         | |  3.6
Shields        | |  3.6
Invocations    | |  0.1

Action                     |  1- 3 |  4- 6 || total
---------------------------+-------+-------++-------
  Melee: Flail             |    62 |    40 ||   102
         Headbutt          |     4 |     9 ||    13
 Armour: Scale mail        |    24 |    18 ||    42
  Dodge: Dodged            |    25 |    18 ||    43
  Block: Buckler           |    10 |    10 ||    20
